 Dungeon Crawl Stone Soup version v3.33-hellcrawl-189-gd9da4bb (webtiles) character file.

0 tyvek the Ruffian (level 4, 0/35 HPs) *CASUAL*
             Began as a Draconian Transmuter on Oct 22, 2017.
             Succumbed to Samantha's poison
             ... on level 2 of the Dungeon.
             The game lasted 00:01:05 (686 turns).

tyvek the Ruffian (Draconian Transmuter)             Turns: 686, Time: 00:01:05

Health: 0/35       AC:  2 (0%)Str: 13   XL:     4   Next: 41%
Magic:  3/3        EV: 19    Int: 17    God:
Gold:   36         SH:  0    Dex: 16    Spells: 1/7 levels left

rFire    . . .     SeeInvis .     - Unarmed
rCold    . . .     Faith    .   (shield currently unavailable)
rNeg     . . .     Spirit   .   (armour unavailable)
rPois    x         Reflect  .   (helmet currently unavailable)
rElec    .                      (cloak currently unavailable)
rCorr    .                      (gloves currently unavailable)
MR       .....                  (boots currently unavailable)
Stlth    +.........             (no amulet)
Regen    0.2/turn               I - +3 ring of intelligence
MPRegen  0.2/turn               (no ring)

@: lethally poisoned (0 -> -30), spider-form
A: unfitting armour, AC +5
a: End Transformation


You were on level 2 of the Dungeon.
You were not hungry.
You were a venomous arachnid creature.
You visited 1 branch of the dungeon, and saw 2 of its levels.

You collected 36 gold pieces.


Innate Abilities, Weirdness & Mutations

((Your plain brown scales are hard. (AC +5)))
Your body does not fit into most forms of armour.
((You are cold-blooded and may be slowed by cold attacks.))


   Skills:
 - Level 1.1 Fighting
 - Level 1.7 Dodging
 * Level 4.6 Unarmed Combat
 - Level 2.0 Spellcasting
 + Level 3.0 Transmutations


You had one spell level left.
You knew the following spells:

 Your Spells              Type           Power        Failure   Level  Hunger
p - Spider Form           Tmut           12 (200)     17%         3    ###....
t - Sticks to Snakes      Tmut/Summ      6 (100)      34%         2    ###....
z - Beastly Appendage     Tmut           12 (50)      5%          1    #......

Inventory:

Missiles
 a - 166 arrows
Jewellery
 I - a +3 ring of intelligence (left front leg)
 O - a +3 ring of protection
Scrolls
 e - a scroll of fog
Potions
 b - 2 potions of magic
 c - a potion of heal wounds {@q2}
 d - 2 potions of resistance
 f - a potion of flight

Dungeon Overview and Level Annotations

Branches:
Dungeon (2/15)

Altars:
Ru

#########
.......s#
.######.# #)# #)#
#.# #.#######
.#.#.#.#.....##
_..............##
..#.#.#.........#


There were no monsters in sight!


Message History

Samantha roars a battlecry!
The goblin goes into a battle-frenzy!
You hit Samantha (2).
Samantha looks as sick as possible!
Samantha is severely wounded.
* * * LOW HITPOINT WARNING * * *
You feel sick.
Samantha hits you with a +4 spear of venom (3).
* * * LOW HITPOINT WARNING * * *
You are more poisoned.
You bite Samantha (9)!
You kill Samantha!
Your Transmutations skill increases to level 3!
* * * LOW HITPOINT WARNING * * *
You feel very sick.
Unknown command.
You hit the goblin (3).
The goblin is poisoned.
The goblin is severely wounded.
* * * LOW HITPOINT WARNING * * *
You feel very sick.
You kill the goblin!
Unknown command.
* * * LOW HITPOINT WARNING * * *
You feel very sick.
Items here: )) [[ a +0 dagger; a +4 spear of venom; a +0 animal skin; a +0 helmet Unknown command.
* * * LOW HITPOINT WARNING * * *
You feel sick.
Unknown command.
You die...

Skill      XL: |  1  2  3  4 |
---------------+-------------+-----
Unarmed Combat | 4 |  4.6
Transmutations | 3 |  3.0
Fighting       | |  1.1
Dodging        | |  1.7
Spellcasting   | |  2.0

Action                   |  1- 3 |  4- 6 || total
-------------------------+-------+-------++-------
Melee: Unarmed           |    61 |     6 ||    67
       Kick              |     7 |       ||     7
       Tailslap          |     3 |       ||     3
 Cast: Beastly Appendage |     1 |       ||     1
       Spider Form       |     1 |       ||     1
Armor: Skin              |    12 |       ||    12
Dodge: Dodged            |    42 |     2 ||    44

Vault maps used:
D:1:      dpeg_arrival_rooms_a
D:2:      nicolae_ru_sacrificial_ziggurat, old_standard_altar, uniq_robin

Notes
Turn   | Place    | Note
-------+----------+-------------------------------------------
     0 | D:1      | tyvek the Draconian Transmuter began the quest for the Orb.
     0 | D:1      | Reached XP level 1. HP: 16/16 MP: 3/3
    56 | D:1      | Reached XP level 2. HP: 12/23 MP: 4/4
   249 | D:1      | Learned a level 2 spell: Sticks to Snakes
   261 | D:1      | Reached skill level 4 in Unarmed Combat
   289 | D:1      | Reached XP level 3. HP: 27/28 MP: 5/5
   352 | D:1      | Learned a level 3 spell: Spider Form
   666 | D:2      | Found a sacrificial altar of Ru.
   671 | D:2      | Noticed Samantha
   676 | D:2      | Reached XP level 4. HP: 31/35 MP: 3/3
   682 | D:2      | Killed Samantha
   682 | D:2      | Reached skill level 3 in Transmutations
   685 | D:2      | HP: 3/35 [poisoned by Samantha]
   686 | D:2      | Succumbed to Samantha's poison

Vanquished Creatures
  Samantha (D:2)
  An ooze (D:1)
  3 quokkas
  A giant cockroach (D:2)
  5 goblins (D:2)
  9 hobgoblins
  2 ball pythons (D:1)
  2 bats (D:1)
  A frilled lizard (D:2)
  2 rats (D:1)
27 creatures vanquished.
